 Dungeon Crawl Stone Soup version 0.30-a0-613-gdd512c7efb (webtiles) character file.

Game seed: 10217991013688809626

4 drugrobin the Sneak (level 1, -5/18 HPs)
             Began as a Demigod Delver on Jan 8, 2023.
             Slain by a worm (8 damage)
             ... on level 2 of the Dungeon.
             The game lasted 00:01:33 (203 turns).

drugrobin the Sneak (Demigod Delver)                 Turns: 203, Time: 00:01:34

Health: -5/18      AC:  3    Str: 13    XL:     1   Next: 40%
Magic:  3/3        EV: 11    Int: 12    God:
Gold:   6          SH:  0    Dex: 15    Spells: 0/0 levels left

rFire   . . .      SeeInvis .      - Unarmed
rCold   . . .      Faith    .    (no shield)
rNeg    + . .      Spirit   .    a - +0 leather armour
rPois   .          Reflect  .    (no helmet)
rElec   .          Harm     .    (no cloak)
rCorr   .          Rampage  .    (no gloves)
Will    .....                    (no boots)
Stlth   +++                      (no amulet)
HPRegen 0.23/turn                c - ring of positive energy
MPRegen 0.08/turn                (no ring)

@: no status effects
A: high MP 1, forlorn, divine attributes
a: no special abilities


You were on level 2 of the Dungeon.
You visited 1 branch of the dungeon, and saw 4 of its levels.

You collected 6 gold pieces.

Inventory:

Armour
 a - a +0 leather armour (worn)
Magical Staves
 i - a staff of poison
Jewellery
 c - a ring of positive energy (left hand)
Wands
 f - a wand of digging (3)
Scrolls
 b - a scroll of fog
 d - a scroll of identify {unknown}
 g - a scroll of teleportation {unknown}
Potions
 e - 2 potions of haste
 h - a potion of lignification {unknown}


   Skills:
 - Level 2.6 Fighting
 - Level 1.7 Dodging
 - Level 4.5 Stealth
 + Level 2.1 Unarmed Combat


You couldn't memorise any spells.
You didn't know any spells.
Your spell library was empty.

Dungeon Overview and Level Annotations

Branches:
Dungeon (5/15)
 Temple: D:4-7

Shops:
D:4 :

Annotations:
D:5 1 runed translucent door


Innate Abilities, Weirdness & Mutations

You have an increased reservoir of magic. (+10% MP)
You shall have no god before yourself.
Your divine heritage dramatically boosts your attributes as you level up.


Message History

Unknown command.
Unknown command.
You climb upwards.
Found a bubbling amethyst potion.
There is a stone staircase leading down here.
Unknown command.
Unknown command.
Found a curved smoking staff.
h - a bubbling amethyst potion Unknown command.
You see here a staff of poison.
Unknown command.
i - a staff of poison A worm comes into view.
You open the door.
Unknown command.
The helpless worm fails to defend itself.
You hit the worm.
The worm is lightly wounded.
The worm closely misses you.
You hit the worm but do no damage.
The worm is lightly wounded.
You barely miss the worm.
The worm is lightly wounded.
The worm bites you.
You barely miss the worm. You hit the worm.
The worm is lightly wounded.
The worm bites you but does no damage.
You hit the worm.
The worm is moderately wounded.
The worm bites you!
Ouch! That really hurt!
* * * LOW HITPOINT WARNING * * *
You hit the worm.
The worm is heavily wounded.
You hit the worm but do no damage.
The worm is heavily wounded.
The worm bites you!
You die...

# #########...###
#.#........##...#
#.'........####.#
###........# #
#........#
#........#
#........##
#.........#
#......@..#
#.......w.#
#.........#
########....
...## .... ....#
....#


You could see a worm.

Vanquished Creatures
  A dart slug (D:3)
  A ball python (D:4)
2 creatures vanquished.

Notes
Turn   | Place    | Note
-------+----------+-------------------------------------------
     0 | D:5      | drugrobin the Demigod Delver began the quest for the Orb.
     0 | D:5      | Reached XP level 1. HP: 18/18 MP: 3/3
     2 | D:5      | Noticed a lemure
    19 | D:5      | Found a runed translucent door.
    21 | D:5      | Noticed a black bear
    85 | D:4      | Noticed an iguana
   101 | D:4      | Found Sodiet's Book Shoppe.
   203 | D:2      | Slain by a worm

Illustrated notes

Levels and vault maps discovered:
D:2:      layout_basic, serial_shops, nicolae_shop_bloodbath_and_beyond
D:3:      layout_basic, cheibrodos_sewer_entry_bend
D:4:      layout_loops_cross, mainiacjoe_overflow_concentric_impassable,
          lemuel_crystal_altar, grunt_temple_overflow_open, serial_shops,
          kennysheep_mini, uniq_grinder
D:5:      layout_basic, general_overflow_altar, ebering_ghost_sewer_d,
          uniq_pikel

Skill      XL: |  1 |
---------------+----+-----
Unarmed Combat | 2 |  2.1
Fighting       | |  2.6
Dodging        | |  1.7
Stealth        | |  4.5

Action                   || total
-------------------------++-------
Melee: Unarmed           ||    17
  Use: Scroll            ||     2
 Stab: Sleeping          ||     2
Armor: Leather armour    ||     4
Dodge: Dodged            ||     8

Table legend: (Time is in decaauts)
 A = Elapsed time spent in this place.
 B = Non-inter-level travel time spent in this place.
 C = Inter-level travel time spent in this place.
 D = Time resting spent in this place.
 E = Time spent auto-exploring this place.
 F = Levels seen in this place.
 G = Mean time per level.
                   A        B        C        D        E       F      G
               +--------+--------+--------+--------+--------+-----+--------+
         Total |    201 |    201 |      0 |      0 |      2 |   4 |   50.2 |
       Dungeon |    201 |    201 |      0 |      0 |      2 |   4 |   50.2 |
               +--------+--------+--------+--------+--------+-----+--------+

Top non-repeatable levels by time:
     D:4: 80 daAuts
     D:5: 49 daAuts
     D:3: 38 daAuts
     D:2: 33 daAuts
